 Dungeon Crawl Stone Soup version 0.29.1-2-gbd0b4ee654 (webtiles) character file.

Game seed: 9040164174135303374

22 qeuew the Ducker (level 2, -1/23 HPs)
             Began as a Merfolk Gladiator on Nov 10, 2022.
             Slain by Sigmund
             ... wielding a +0 scythe
              (2 damage)
             ... on level 2 of the Dungeon.
             The game lasted 00:00:45 (832 turns).

qeuew the Ducker (Merfolk Gladiator)                 Turns: 832, Time: 00:00:46

Health: -1/23      AC:  4    Str: 14    XL:     2   Next: 91%
Magic:  2/2        EV: 13    Int:  7    God:
Gold:   48         SH:  0    Dex: 15    Spells: 1/1 levels left

rFire   . . .      SeeInvis .   a - +0 trident
rCold   . . .      Faith    .   (no shield)
rNeg    . . .      Spirit   .   b - +0 leather armour
rPois   .          Reflect  .   c - +0 helmet
rElec   .          Harm     .   (no cloak)
rCorr   .          Rampage  .   (no gloves)
Will    .....                   (no boots)
Stlth   +.........              (no amulet)
HPRegen 0.07/turn               (no ring)
MPRegen 0.08/turn               (no ring)

@: no status effects
A: (nimble swimmer 2), mertail
a: no special abilities


You were on level 2 of the Dungeon.
You visited 1 branch of the dungeon, and saw 2 of its levels.

You collected 48 gold pieces.

Inventory:

Hand Weapons
 a - a +0 trident (weapon)
Missiles
 d - 3 throwing nets (quivered)
 e - a javelin
Armour
 b - a +0 leather armour (worn)
 c - a +0 helmet (worn)
Scrolls
 i - a scroll of identify
Potions
 f - a potion of mutation
 j - a potion of resistance


   Skills:
 + Level 2.5 Fighting
 + Level 4.3 Polearms
 + Level 2.3 Throwing
 + Level 0.5 Armour
 + Level 4.3 Dodging


You had one spell level left.
You didn't know any spells.
Your spell library was empty.

Dungeon Overview and Level Annotations

Branches:
Dungeon (2/15)

Altars:

Annotations:
D:2 Sigmund


Innate Abilities, Weirdness & Mutations

((You are very nimble when in or above water. (Stealth+, EV+, Speed+++)))
Your lower body shifts to a powerful aquatic tail in water.


Message History

You feel protected.
(D) Dungeon
Where to? (? - help)
What level of the Dungeon? (default 1, ? - help)
There is an open gate here.
You start to feel less resistant.
Your resistance to elements expires.
There is a stone staircase leading down here.
You climb downwards.
There is a stone staircase leading up here.
There are monsters nearby!
Found 4 gold pieces.
Sigmund shouts!
You hear an angry hiss.
A frilled lizard comes into view.
The adder misses you.
You hit the adder but do no damage. The adder bites you.
Sigmund gestures at you while chanting. You resist with significant effort.
You miss the adder. The adder bites you but does no damage.
The adder bites you.
You puncture the adder!
The adder is severely wounded.
The adder bites you but does no damage.
You hit the adder.
You kill the adder!
You see here an adder corpse.
An adder comes into view.
Sigmund gestures at you while chanting. The magic dart hits you.
You closely miss Sigmund. Sigmund hits you with a +0 scythe.
The adder hisses angrily.
You hit Sigmund.
Sigmund is lightly wounded.
Sigmund points at you and mumbles some strange words.
The puff of flame hits you!
* * * LOW HITPOINT WARNING * * *
You hit Sigmund but do no damage. You punch Sigmund.
Sigmund is lightly wounded.
Sigmund hits you with a +0 scythe.
You die...

.......$.
#........
#......
.######....
........S####
........<...#
#######l###.....
#@# ### #@# #†#
#.# #.# #.# #..
... ###


You could see Sigmund, an adder and a frilled lizard.

Vanquished Creatures
  An adder (D:2)
  2 goblins (D:1)
  2 hobgoblins (D:1)
  A quokka (D:1)
  2 ball pythons (D:1)
  2 bats (D:1)
  A frilled lizard (D:1)
  A kobold (D:1)
  2 rats (D:1)
14 creatures vanquished.

Notes
Turn   | Place    | Note
-------+----------+-------------------------------------------
     0 | D:1      | qeuew the Merfolk Gladiator began the quest for the Orb.
     0 | D:1      | Reached XP level 1. HP: 16/16 MP: 1/1
   218 | D:1      | Reached XP level 2. HP: 23/23 MP: 2/2
   819 | D:2      | Noticed Sigmund
   831 | D:2      | HP: 1/23 [Sigmund/puff of flame (9)]
   832 | D:2      | Slain by Sigmund

Illustrated notes

Levels and vault maps discovered:
D:1:      kennysheep_arrival_forest, layout_loops_ring,
          dreamdust_princess_corridor, skrybe_limestone_x
D:2:      layout_loops_ring, basic_altar, st_stairs_14, uniq_sigmund,
          uniq_jessica

Action                   || total
-------------------------++-------
Melee: Trident           ||    41
       Punch             ||     2
  Use: Potion            ||     3
       Scroll            ||     1
 Stab: Sleeping          ||     4
Armor: Leather armour    ||    12
Dodge: Dodged            ||    17
